 Dungeon Crawl Stone Soup version 0.25-a0-23-gdc1bd94 (webtiles) character file.

Game seed: 2188597475188877932, levelgen mode: deterministic

2634 robertstho the Grappler (level 9, -2/81 HPs)
             Began as a Troll Berserker on Oct 16, 2019.
             Was a High Priest of Trog.
             Slain by a killer bee (7 damage)
             ... on level 7 of the Dungeon.
             The game lasted 00:10:03 (4544 turns).

robertstho the Grappler (Troll Berserker)           Turns: 4544, Time: 00:10:04

Health: -2/81      AC:  6    Str: 29    XL:     9   Next: 35%
Magic:  8/8        EV: 10    Int:  4    God:    Trog [*****.]
Gold:   350        SH:  9    Dex:  9    Spells: 8/8 levels left

rFire    + . .     SeeInvis .     - Unarmed
rCold    . . .     Gourm    +   m - +0 shield
rNeg     . . .     Faith    .   a - +0 animal skin
rPois    .         Spirit   .   (helmet restricted)
rElec    .         Reflect  .   (no cloak)
rCorr    .         Harm     .   (gloves unavailable)
MR       .....     Clarity  +   (boots unavailable)
Stlth    +.........             (no amulet)
HPRegen  0.63/turn              y - ring of protection from fire
MPRegen  0.11/turn              (no ring)

@: lethally poisoned (-2 -> -3)
A: large, unfitting armour, claws 3, clarity, fast metabolism 3, gourmand,
regeneration 1, shaggy fur 1, tough skin 3
a: Berserk, Trog's Hand, Brothers in Arms, Renounce Religion


You were on level 7 of the Dungeon.
You worshipped Trog.
Trog was extremely pleased with you.
You were completely stuffed.

You visited 1 branch of the dungeon, and saw 7 of its levels.
You also visited: Ossuary.

You collected 350 gold pieces.

Inventory:

Hand Weapons
 p - a +0 giant spiked club
 A - the +1 falchion "Tegeb" {pain, *Contam MR+ Stlth+}
   (You found it on level 5 of the Dungeon)

   In the hands of one skilled in necromantic magic, it inflicts extra damage on
   living creatures.
   It affects your resistance to hostile enchantments.
   It causes magical contamination when unequipped.
   It makes you more stealthy.
Missiles
 D - 4 large rocks (quivered)
 H - 4 atropa-tipped darts
Armour
 a - a +0 animal skin (worn)
 m - a +0 shield (worn)
Jewellery
 o - an uncursed ring of protection from cold {unknown}
 y - a ring of protection from fire (left claw)
 F - an uncursed ring of protection from fire
Wands
 G - a wand of disintegration (4)
Scrolls
 c - a scroll of random uselessness {unknown}
 d - a scroll of immolation {unknown}
 e - 4 scrolls of identify
 l - a scroll of fear {unknown}
 n - 3 scrolls of remove curse
 t - a scroll of magic mapping {unknown}
 u - a scroll of enchant weapon {unknown}
 v - 2 scrolls of teleportation {unknown}
 B - a scroll of blinking {unknown}
 C - a scroll of noise {unknown}
Potions
 g - 4 potions of agility
 h - 3 potions of might {unknown}
 i - a potion of heal wounds
 j - 2 potions of cancellation {unknown}
 k - 6 potions of curing
 q - a potion of ambrosia {unknown}
 r - 2 potions of magic {unknown}
 s - 3 potions of brilliance {unknown}
 w - 3 potions of haste {unknown}
 x - 2 potions of flight {unknown}
 z - a potion of lignification
 E - 2 potions of mutation {unknown}
Comestibles
 b - 12 rations
 f - 3 chunks of flesh


   Skills:
 + Level 3.0 Fighting
 * Level 5.6 Dodging
 + Level 0.5 Stealth
 + Level 3.6 Shields
 * Level 10.3 Unarmed Combat


You had 8 spell levels left.
You didn't know any spells.
Your spell library was empty.

Dungeon Overview and Level Annotations

Branches:
Dungeon (7/15)             Temple (0/1) D:4         Ossuary (visited)

Altars:
Dithmenos
Elyvilon
Hepliaklqana
Qazlal
Xom

Annotations:
D:7 2 runed translucent doors, Lianjan's ghost, novice BaIE


Innate Abilities, Weirdness & Mutations

You are too large for most types of armour.
You have claws for hands.
Your metabolism is lightning-fast.
You like to eat raw meat.
Your natural rate of healing is unusually fast.
You are covered in fur. (AC +1)
You have extremely tough skin. (AC +3)
You possess an exceptional clarity of mind.


Message History

You feel sick.
You feel sick.
The howler monkey hoots and howls with incredible vigour!
You block the killer bee's attack.
You feel sick. The killer bee stings you.
You feel sick. The killer bee closely misses you.
You feel sick. The killer bee misses you.
You feel sick.
You feel sick.
You feel sick. The killer bee stings you.
* * * LOW HITPOINT WARNING * * *
The killer bee stings you!
* * * LOW HITPOINT WARNING * * *
You feel sick. You block the killer bee's attack.
You feel sick. The killer bee stings you!
* * * LOW HITPOINT WARNING * * *
The phantom blinks!
You block the killer bee's attack.
You feel sick. The killer bee stings you!
You die...

#. #.. ... ... ... ... ####
#####################.(.
.... .
.......@yy.ahl.W.....5..
.... ..#
############........#H.. #
#...######.......########...
#............####### ...
#....#.......# ...
#.......)....###### #..
#.....####........# #.
####....# #.######.. #
.|##....# ###.#


You could see a howler monkey, an iguana, a worker ant and 2 killer bees.

Vanquished Creatures
  A hippogriff (D:7)
  A hungry ghost (D:7)
  An orc warrior (D:7)
  A black bear (D:7)
  3 ogres
  A phantom (D:4)
  A bullfrog (D:6)
  A wyvern zombie (D:5)
  4 water moccasin zombies (Ossuary)
  A killer bee (D:7)
  5 howler monkeys
  4 wights (D:7)
  A bullfrog zombie (D:5)
  A centaur zombie (D:7)
  A crimson imp (D:7)
  2 hounds (D:6)
  3 orc priests
  A gnoll shaman (D:7)
  A bullfrog skeleton (D:6)
  5 worker ants
  5 orc wizards
  2 big kobold zombies (Ossuary)
  A hound zombie (D:7)
  2 mummies (Ossuary)
  A howler monkey zombie (D:5)
  14 adders
  7 gnolls
  3 shadow imps
  An ooze (D:3)
  5 adder zombies (Ossuary)
  6 worms
  5 dart slugs
  3 leopard geckos
  29 orcs
  8 bats
  7 giant cockroaches
  9 goblins
  11 hobgoblins
  10 jackals
  7 kobolds
  8 quokkas
  4 ball pythons
  7 frilled lizards
  2 gnoll zombies (Ossuary)
  4 hobgoblin zombies (Ossuary)
  3 kobold zombies (Ossuary)
  A leopard gecko skeleton (D:4)
  6 orc zombies (Ossuary)
  A quokka skeleton (D:7)
  3 quokka zombies
  5 rats
219 creatures vanquished.

Notes
Turn   | Place    | Note
-------+----------+-------------------------------------------
     0 | D:1      | robertstho the Troll Berserker began the quest for the Orb.
     0 | D:1      | Reached XP level 1. HP: 22/22 MP: 0/0
    76 | D:1      | Reached XP level 2. HP: 29/29 MP: 1/1
   387 | D:2      | Reached XP level 3. HP: 36/36 MP: 2/2
   619 | D:2      | Found a shimmering altar of Xom.
   655 | D:2      | Reached ** piety under Trog
   655 | D:2      | Reached skill level 4 in Unarmed Combat
   664 | D:2      | Reached XP level 4. HP: 31/44 MP: 3/3
  1367 | D:3      | Reached XP level 5. HP: 33/50 MP: 4/4
  1410 | D:3      | Found a shadowy altar of Dithmenos.
  1410 | D:3      | Found a stormy altar of Qazlal.
  1410 | D:3      | Found a white marble altar of Elyvilon.
  1590 | D:3      | Reached skill level 5 in Unarmed Combat
  1597 | D:3      | Reached *** piety under Trog
  1959 | D:4      | Reached XP level 6. HP: 59/59 MP: 5/5
  2065 | D:4      | Reached skill level 6 in Unarmed Combat
  2075 | D:4      | Found a staircase to the Ecumenical Temple.
  2118 | D:4      | Reached skill level 1 in Shields
  2352 | D:4      | Reached XP level 7. HP: 55/66 MP: 6/6
  2399 | D:5      | Entered Level 5 of the Dungeon
  2418 | D:5      | Reached **** piety under Trog
  2418 | D:5      | Reached skill level 7 in Unarmed Combat
  2424 | D:5      | Received a gift from Trog
  2663 | D:5      | Got an iridescent falchion
  2669 | D:5      | Identified the cursed +1 falchion "Tegeb" {pain, *Contam
                  | MR+ Stlth+} (You found it on level 5 of the Dungeon)
  2694 | D:5      | Gained mutation: You possess an exceptional clarity of
                  | mind. [mutagenic glow]
  3178 | D:6      | Reached XP level 8. HP: 54/74 MP: 7/7
  3396 | D:6      | Found a hazy altar of Hepliaklqana.
  3420 | D:6      | Reached skill level 8 in Unarmed Combat
  3442 | D:6      | Found a sand-covered staircase.
  3474 | Ossuary  | Entered an ossuary
  3606 | Ossuary  | Reached ***** piety under Trog
  3613 | Ossuary  | Received a gift from Trog
  3622 | Ossuary  | Reached skill level 5 in Dodging
  4166 | D:7      | Found a large runed translucent door.
  4167 | D:7      | Found a large runed translucent door.
  4169 | D:7      | Noticed Lianjan's ghost (novice BaIE)
  4182 | D:7      | Reached skill level 9 in Unarmed Combat
  4234 | D:7      | Reached XP level 9. HP: 72/81 MP: 8/8
  4395 | D:7      | Reached skill level 10 in Unarmed Combat
  4544 | D:7      | Slain by a killer bee

Levels and vault maps discovered:
D:1:      scummos_arrival_star, layout_rooms, chequers_avenue
D:2:      layout_loops_corners, xom_butterflies, kennysheep_generic_room_5
D:3:      layout_loops_ring, gammafunk_temple_overflow_claw,
          kennysheep_generic_room_14
D:4:      layout_rooms, minmay_temple_entry_gardened_gates, first_ration
D:5:      layout_basic, minmay_crystal_water, minmay_misc_feat_diagonals,
          dk_noncrumbling_4
D:6:      layout_layer_cave, basic_altar, nicolae_ossuary_entry_monument
D:7:      layout_rooms, ebering_ghost_disaster_area, corner_web_ring

Skill      XL: |  1  2  3  4  5  6  7  8  9 |
---------------+----------------------------+-----
Dodging        | 3 4 5 |  5.6
Unarmed Combat | 4 5 6 7 9 10 | 10.3
Shields        | 1 2 3 |  3.6
Fighting       | 3 |  3.0
Stealth        | |  0.5

Action                   |  1- 3 |  4- 6 |  7- 9 || total
-------------------------+-------+-------+-------++-------
Melee: Unarmed           |    82 |   246 |   355 ||   683
       Punch             |     1 |     3 |       ||     4
Invok: Berserk           |       |     1 |     2 ||     3
  Use: Scroll            |       |       |     7 ||     7
 Stab: Sleeping          |       |     1 |     1 ||     2
  Eat: Chunk             |    12 |    16 |    29 ||    57
Armor: Animal skin       |    38 |    71 |    91 ||   200
Dodge: Dodged            |    50 |    89 |   128 ||   267
Block: Shield            |       |    46 |   164 ||   210

Table legend:
 A = Non-vault XP
 B = Vault XP
 C = Vault XP percentage of total XP
 D = Non-vault monster count
 E = Vault monster count
 F = Vault count percentage of total count
                 A         B        C        D         E       F
            +---------+---------+-------+---------+---------+-------
      Total |    3321 |     443 |  11.8 |     186 |      33 |  15.1
            +---------+---------+-------+---------+---------+-------
        D:1 |      27 |       0 |   0.0 |      16 |       0 |   0.0
        D:2 |     139 |       8 |   5.4 |      33 |       3 |   8.3
        D:3 |     153 |       2 |   1.3 |      31 |       2 |   6.1
        D:4 |     410 |       0 |   0.0 |      26 |       0 |   0.0
        D:5 |     591 |       0 |   0.0 |      25 |       0 |   0.0
        D:6 |     491 |       0 |   0.0 |      22 |       0 |   0.0
        D:7 |    1510 |       0 |   0.0 |      33 |       0 |   0.0
    Ossuary |       0 |     433 | 100.0 |       0 |      28 | 100.0
            +---------+---------+-------+---------+---------+-------
